 Dungeon Crawl Stone Soup version 0.18-a0-1123-gbd92598 (webtiles) character file.

19782 M4edhros the Covert (level 12, -11/77 HPs)
             Began as an Octopode Artificer on Jan 19, 2016.
             Was an Elder of Fedhas.
             Killed from afar by Nergalle (42 damage)
             ... with a bolt of negative energy
             ... on level 4 of the Lair of Beasts on Jan 20, 2016.
             The game lasted 00:42:20 (15612 turns).

M4edhros the Covert (Octopode Artificer)           Turns: 15612, Time: 00:42:22

Health: -11/77     AC:  1    Str: 11      XL:     12   Next: 72%
Magic:  29/29      EV: 23    Int: 16 (19) God:    Fedhas [****..]
Gold:   880        SH:  0    Dex: 13 (17) Spells: 3 memorised, 4 levels left

rFire  . . .     SeeInvis +     y - +0 blowgun
rCold  . . .     Gourm    .     (no shield)
rNeg   . . .     Faith    .     (helmet restricted)
rPois  +         Spirit   .     t - amulet of dismissal
rElec  .         Dismiss  +     j - ring of magical power
rCorr  .         Reflect  .     u - +6 ring of evasion
SustAt .         Harm     .     R - +2 ring of dexterity
MR     .....     Clarity  +     U - ring of see invisible
Stlth  +++++++...               X - +3 ring of dexterity
                                (no ring)
                                (no ring)
                                (no ring)

@: drained, not resistant to hostile enchantments, extremely stealthy
A: almost no armour, amphibious, 8 rings, constrict 8, camouflage 1, clarity,
deterioration 1, poison resistance, gelatinous body 1
a: Evolution, Sunlight, Growth, Reproduction, Renounce Religion


You were on level 4 of the Lair of Beasts.
You worshipped Fedhas.
Fedhas was greatly pleased with you.
You were not hungry.

You visited 4 branches of the dungeon, and saw 19 of its levels.
You also visited: Sewer and Ossuary.

You collected 995 gold pieces.
You spent 115 gold pieces at shops.

Inventory:

Hand Weapons
 p - a +1 dagger of flaming
 q - a +0 hunting sling
 y - a +0 blowgun (weapon)
 C - the +6 trident of Awkwardness {holy, Str+4 Int+9}
   (You found it in a sewer)

   It has been blessed by the Shining One to cause great damage to the undead
   and demons.
   It affects your strength (+4).
   It affects your intelligence (+9).
Missiles
 e - 366 stones
 s - 22 sling bullets
 z - 108 poisoned needles (quivered)
 K - 23 sling bullets of flame
Magical Staves
 n - an uncursed staff of conjuration
Rods
 W - a +5 iron rod (12/12)
   (You acquired it on level 8 of the Dungeon)
Jewellery
 b - a cursed ring of teleportation
 j - a ring of magical power (left tentacle)
 t - an amulet of dismissal (around mantle)
 u - a +6 ring of evasion (right tentacle)
 R - a +2 ring of dexterity (on tentacle)
 U - a ring of see invisible (on tentacle)
 X - a +3 ring of dexterity (on tentacle)
Wands
 a - a wand of disintegration (16/24)
 h - a wand of paralysis (5/24)
 m - a wand of fire (0/15)
 x - a wand of slowing (18/48)
 G - a wand of invisibility (4/9)
 L - a wand of teleportation (5/9)
 P - a wand of flame (19/48)
 Z - a wand of teleportation (7/9)
Scrolls
 d - a scroll of amnesia
 i - 5 scrolls of teleportation
 l - 2 scrolls of recharging
 o - 4 scrolls of fear
 r - a scroll of remove curse
 v - 3 scrolls of enchant weapon
 E - 2 scrolls of blinking
 F - 4 scrolls of identify
 H - 2 scrolls of fog
Potions
 c - a potion of lignification
 k - 5 potions of curing
 A - a potion of heal wounds
 M - a potion of haste
 Q - 3 potions of ambrosia
 S - 2 potions of magic
Miscellaneous
 I - an ornate deck of summoning {Repulsiveness}
Comestibles
 f - 7 bread rations
 N - 5 fruits
 Y - 6 slices of pizza


   Skills:
 + Level 5.4(4.3) Fighting
 - Level 1.0(0.0) Short Blades
 - Level 7.1(5.9) Slings
 + Level 10.5(9.2) Dodging
 + Level 14.2(12.8) Stealth
 + Level 1.7(0.7) Spellcasting
 + Level 2.0(1.0) Air Magic
 + Level 2.2(1.2) Poison Magic
 + Level 5.5(4.4) Invocations
 * Level 11.0(9.7) Evocations


You had 4 spell levels left.
You knew the following spells:

 Your Spells              Type           Power        Failure   Level  Hunger
a - Mephitic Cloud        Conj/Pois/Air  #.......     65%         3    ####...
b - Olgreb's Toxic Radia  Pois           #.......     98%         4    #####..
c - Static Discharge      Conj/Air       #.......     65%         3    ####...


Dungeon Overview and Level Annotations

Branches:
Dungeon (13/15)            Temple (1/1) D:5            Lair (4/8) D:10
 Shoals (0/4) Lair:3          Orc (1/2) D:12
  Snake: Lair:3-6    Spider: Lair:3-6    Vaults: D:13-14

Altars:
Ashenzari
Cheibriados
Dithmenos
Elyvilon
Fedhas
Gozag
Kikubaaqudgha
Makhleb
Nemelex Xobeh
Okawaru
Pakellas
Qazlal
Ru
Sif Muna
Trog
Vehumet
Xom
Yredelemnul
Zin
The Shining One

Shops:
D:7 %   D:8 *!=   D:9 *   D:11 [

Annotations:
Lair:4 Nergalle
Orc:1 WhatIsLove's ghost, journeyman DsGl


Innate Abilities, Weirdness & Mutations

You cannot wear most types of armour.
You are amphibious.
You can wear up to eight rings at the same time.
You can use your tentacles to constrict eight enemies at once.
Your skin changes colour to match your surroundings (Stealth).
Your rubbery body absorbs attacks (AC +1).
You possess an exceptional clarity of mind.
Your body sometimes deteriorates upon taking damage.
Your system is resistant to poisons.


Message History

A yak comes into view.
You see here 12 gold pieces.
A water moccasin and Nergalle come into view.
You hear the faint crackling of a distant melting archway.
Firing (i - inventory. (,) - cycle):
z - 110 poisoned needles (quivered)
Press: ? - help, Shift-Dir - straight line, f - Nergalle
Aim: Nergalle, wielding a dagger and wearing a robe You shoot a poisoned needle.
The poisoned needle hits Nergalle!
Nergalle is poisoned.
Firing (i - inventory. (,) - cycle):
z - 109 poisoned needles (quivered)
Press: ? - help, Shift-Dir - straight line, f/p - Nergalle
Aim: Nergalle, wielding a dagger and wearing a robe (lightly wounded, poisoned)
You shoot a poisoned needle. The poisoned needle hits Nergalle!
Nergalle looks even sicker.
Nergalle is lightly wounded.
Nergalle casts a spell at you. The bolt of negative energy hits you!
You feel drained.
Ouch! That really hurt!
You die...
Fedhas appreciates your contribution to the ecosystem.

,**,,,,,,,,,,,,**,,,,,*,,,,,,*,,,
,,+,......*,.,,**....#,,,,,,**,,,
*,,.......##.*###....##.,,,,**,,,
###......#..###.#......,,,,,,*,,,
#....................#*,*****,,,,
...................o.###***,,,,,,
........................,,,,,,,∩,
........................,,,,,,,,,
.........ff.f...@....S..,,,,,,,,,
........................,,,,,,,,,
...........#..PP#.......,,,,,,,,,
#$#.......###..##.......,,,,,,,,,
.##........#...#*.....#.**,,,,**,
.##........#...#,......#*,,,,**,,
f.#.......#....#*.......,,,,,,*,,
.#.............P*......#,,,,,,,*,
.#.............,*,,,,,***,**,,,,,


You could see Nergalle, a water moccasin (sleeping) and 3 friendly wandering
mushrooms.

Vanquished Creatures
  A hill giant (D:11)
  The ghost of vliron the Placeless Spriggan, a novice SpWr of Qazlal (D:7)
  An ugly thing (D:12)
  A siren (Lair:3)
  3 elephants (Lair:3)
  A black mamba (Lair:3)
  A gargoyle (D:10)
  A fire drake (D:8)
  A komodo dragon (Lair:3)
  2 trolls
  A two-headed ogre (D:12)
  8 blink frogs
  Sigmund (D:2)
  2 wyverns
  A human (D:8)
  16 yaks
  A hog (D:8)
  The ghost of st0uf the Ruffian, an amateur DrTm (D:5)
  2 vampire mosquitoes (D:12)
  2 hippogriffs
  A spatial vortex (D:9)
  12 centaurs
  6 swamp worms (Lair:3)
  6 water moccasins
  6 porcupines
  2 orc warriors (D:12)
  3 phantoms
  A wandering mushroom (D:12)
  2 sky beasts
  An eye of draining (D:11)
  2 black bears
  2 ice beasts
  4 ogres
  5 crocodiles
  3 elf zombies (Ossuary)
  4 big kobolds
  10 giant frogs
  4 scorpions
  A water moccasin skeleton (D:6)
  3 killer bees (D:10)
  8 wights (D:12)
  6 crimson imps
  A quasit (D:10)
  A wasp zombie (D:9)
  A centaur zombie (D:9)
  A jelly (D:8)
  9 hounds
  4 orc wizards
  A giant frog zombie (D:7)
  A human zombie (Ossuary)
  4 orc priests
  3 giant frog skeletons
  2 centaur skeletons (D:11)
  8 iguanas
  Natasha (thrice) (D:2)
  6 hell rats (Lair:4)
  10 worker ants
  Terence (D:3)
  12 sheep
  A big kobold zombie (Ossuary)
  3 hound zombies
  3 hound skeletons
  4 mummies (Ossuary)
  8 adders
  20 river rats (Lair:1)
  6 oozes
  An adder skeleton (D:6)
  2 adder zombies
  15 worms
  3 giant geckos
  32 orcs
  7 bats
  8 giant cockroaches
  2 gnoll zombies (Ossuary)
  8 goblins
  9 hobgoblins
  4 jackals
  7 quokkas
  6 ball pythons
  2 giant gecko skeletons (D:4)
  7 giant newts
  A goblin zombie (D:4)
  A jackal zombie (Ossuary)
  34 kobolds
  A kobold zombie (D:4)
  An orc zombie (Ossuary)
  2 quokka skeletons
  12 rats
418 creatures vanquished.

Vanquished Creatures (collateral kills)
  A hill giant (D:12)
  An elephant (Lair:3)
  A komodo dragon (D:10)
  5 yaks
  A basilisk (Lair:2)
  A wraith (D:12)
  A hungry ghost (D:11)
  A porcupine (Lair:3)
  2 orc warriors (D:12)
  A centaur (D:6)
  2 crocodiles
  A big kobold (D:12)
  A giant frog (D:6)
  A wyvern skeleton (D:12)
  A wight (D:12)
  A giant frog skeleton (D:12)
  An orc wizard (D:10)
  An iguana (Lair:2)
  A hell rat (Lair:4)
  5 sheep (Lair:3)
  6 orcs
36 creatures vanquished.

Vanquished Creatures (others)
  A deep elf mage (D:12)
  An orc warrior (D:8)
  A necrophage (D:12)
  A centaur (D:12)
  A big kobold (D:8)
  9 wandering mushrooms
  A bush (Lair:1)
  A fire vortex (D:8)
  A fungus (Lair:1)
  22 plants
  256 toadstools
295 creatures vanquished.

Grand Total: 749 creatures vanquished

Notes
Turn   | Place    | Note
--------------------------------------------------------------
     0 | D:1      | M4edhros the Octopode Artificer began the quest for the Orb.
     0 | D:1      | Reached XP level 1. HP: 13/13 MP: 3/3
   181 | D:2      | Reached XP level 2. HP: 16/18 MP: 4/4
   278 | D:3      | Reached XP level 3. HP: 23/23 MP: 5/5
   361 | D:3      | Noticed Terence
   379 | D:3      | Killed Terence
   379 | D:3      | Reached skill level 4 in Stealth
   379 | D:3      | Reached XP level 4. HP: 9/28 MP: 6/6
   713 | D:3      | Found a glowing drain.
   721 | Sewer    | Entered a sewer
   777 | Sewer    | Noticed a big kobold
  1092 | Sewer    | Killed a big kobold
  1092 | Sewer    | Reached XP level 5. HP: 33/33 MP: 8/8
  1181 | Sewer    | Got a scorched trident
  1182 | Sewer    | Identified the +6 trident of Awkwardness {holy, Str+4 Int+9} (You found it in a sewer)
  1241 | Sewer    | Noticed a big kobold
  1359 | Sewer    | Killed a big kobold
  1359 | Sewer    | Reached skill level 1 in Slings
  1359 | Sewer    | Reached skill level 5 in Stealth
  1359 | Sewer    | Reached XP level 6. HP: 34/38 MP: 9/9
  1786 | D:4      | Found a sand-covered staircase.
  1858 | Ossuary  | Entered an ossuary
  1928 | Ossuary  | Reached skill level 6 in Stealth
  2115 | Ossuary  | Reached XP level 7. HP: 24/43 MP: 10/10
  2185 | Ossuary  | Reached skill level 7 in Stealth
  2599 | D:5      | Entered Level 5 of the Dungeon
  2601 | D:5      | Reached skill level 5 in Dodging
  2707 | D:5      | Noticed st0uf's ghost (amateur DrTm)
  2711 | D:5      | Found a staircase to the Ecumenical Temple.
  2826 | D:6      | Reached skill level 8 in Stealth
  2826 | D:6      | Reached XP level 8. HP: 44/48 MP: 11/11
  2830 | D:6      | Reached skill level 5 in Evocations
  3225 | D:5      | Killed st0uf's ghost
  3231 | Temple   | Entered the Ecumenical Temple
  3364 | Temple   | Became a worshipper of Xom of Malevolent Giggling
  3405 | D:6      | Reached skill level 9 in Stealth
  3442 | D:6      | Found a glowing silver altar of Zin.
  3468 | D:6      | XOM: smoke on damage
  3504 | D:6      | XOM: harmless Trmt miscast
  3520 | D:6      | XOM: harmless Conj miscast
  3681 | D:5      | XOM: divination: detect creatures
  4152 | D:4      | XOM: silly message
  4425 | D:4      | XOM is BORED!
  4425 | D:4      | XOM: mild Erth miscast
  4504 | D:2      | Noticed Natasha
  4510 | D:2      | Killed Natasha
  4510 | D:2      | Reached XP level 9. HP: 48/53 MP: 13/13
  4554 | D:2      | Noticed Sigmund
  4564 | D:2      | Killed Sigmund
  4587 | D:2      | Reached skill level 10 in Stealth
  4590 | D:2      | Noticed Natasha
  4596 | D:2      | Killed Natasha
  4637 | D:2      | XOM: 2-stop teleportation journey
  4713 | D:2      | Noticed Natasha
  4724 | D:2      | Killed Natasha
  5250 | D:1      | XOM: give mutations
  5250 | D:1      | Gained mutation: Your system is resistant to poisons. [Xom's grace]
  5250 | D:1      | Gained mutation: Your muscles are strong. (Str +2) [Xom's grace]
  5250 | D:1      | Gained mutation: Your mind is acute. (Int +2) [Xom's grace]
  5250 | D:1      | Gained mutation: You possess an exceptional clarity of mind. [Xom's grace]
  5403 | D:7      | Found an ancient bone altar of Kikubaaqudgha.
  5467 | D:7      | XOM: smoke on damage
  5472 | D:7      | Found a white marble altar of Elyvilon.
  5488 | D:7      | Noticed vliron's ghost (novice SpWr)
  5499 | D:7      | XOM: harmless Chrm miscast
  5501 | D:7      | Killed vliron's ghost
  5571 | D:7      | Found Icso's Food Shoppe.
  5690 | D:8      | Reached skill level 11 in Stealth
  5759 | D:8      | XOM: silly message
  5767 | D:8      | Found an oddly glowing altar of Pakellas.
  5796 | D:8      | Found Ceduvufe's Jewellery Boutique.
  5814 | D:8      | HP: 1/53 [centaur (4)]
  6259 | D:8      | XOM: summons 3 hostile shadow creatures
  6297 | D:8      | XOM: mild Summ miscast
  6353 | D:8      | Found Bagugg's General Store.
  6391 | D:8      | Reached XP level 10. HP: 18/58 MP: 15/15
  6497 | D:8      | XOM: summons 3 hostile shadow creatures
  6630 | D:8      | XOM: potion effect (agility)
  6661 | D:8      | Reached skill level 5 in Slings
  6661 | D:8      | Reached skill level 12 in Stealth
  6750 | D:8      | XOM: mild Fire miscast
  6915 | D:8      | Found Onuuguve's Distillery.
  6953 | D:8      | Identified a scroll of acquirement
  6977 | D:8      | XOM: give mutations
  6977 | D:8      | Lost mutation: You possess an exceptional clarity of mind. [Xom's mischief]
  6977 | D:8      | Lost mutation: Your mind is acute. (Int +2) [Xom's mischief]
  6977 | D:8      | Gained mutation: Your body sometimes deteriorates upon taking damage. [Xom's mischief]
  7236 | D:9      | XOM: medium Tloc miscast
  7271 | D:9      | Found Rymurun's Assorted Antiques.
  7274 | D:9      | Bought a scratched silver ring for 115 gold pieces
  7889 | D:9      | Found a burning altar of Makhleb.
  7889 | D:9      | Found an iron altar of Okawaru.
  7889 | D:9      | Found an oddly glowing altar of Pakellas.
  7889 | D:9      | Found a radiant altar of Vehumet.
  7896 | D:9      | Found a blossoming altar of Fedhas.
  7896 | D:9      | Found a basalt altar of Yredelemnul.
  7907 | D:9      | Fell from the grace of Xom
  7907 | D:9      | Became a worshipper of Fedhas Madash
  8302 | D:10     | Entered Level 10 of the Dungeon
  8302 | D:10     | Noticed a gargoyle
  8517 | D:10     | Lost mutation: Your system is resistant to poisons. [potion of cure mutation]
  8517 | D:10     | Lost mutation: Your muscles are strong. (Str +2) [potion of cure mutation]
  8517 | D:10     | Lost mutation: Your body sometimes deteriorates upon taking damage. [potion of cure mutation]
  8547 | D:10     | XOM: mild Divn miscast
  8590 | D:10     | XOM: severe Conj miscast
  8847 | D:10     | Reached skill level 1 in Invocations
  9104 | D:10     | Reached * piety under Fedhas
  9130 | D:10     | Found a staircase to the Lair.
  9265 | D:10     | XOM: torment (18/60 hp)
  9861 | D:10     | Killed a gargoyle
 10031 | D:11     | Found Laum's Antique Armour Shoppe.
 10088 | D:11     | Noticed a hill giant
 10094 | D:11     | XOM: give mutations
 10094 | D:11     | Gained mutation: Your body sometimes deteriorates upon taking damage. [Xom's mischief]
 10094 | D:11     | Gained mutation: You are weak. (Str -2) [Xom's mischief]
 10094 | D:11     | Gained mutation: Scrolls take you a little longer to read. [Xom's mischief]
 10094 | D:11     | Gained mutation: You are dopey. (Int -2) [Xom's mischief]
 10102 | D:11     | Killed a hill giant
 10102 | D:11     | Reached XP level 11. HP: 58/67 MP: 17/17
 10179 | D:11     | XOM: medium Trmt miscast
 10355 | D:11     | XOM: polymorph wandering mushroom -> oklob plant
 10700 | D:12     | XOM: 1-stop teleportation journey
 10701 | D:12     | Noticed a hill giant
 10728 | D:12     | Killed a hill giant
 10728 | D:12     | Reached skill level 13 in Stealth
 10730 | D:12     | Killed a deep elf mage
 10803 | D:12     | Learned a level 3 spell: Mephitic Cloud
 11210 | D:12     | XOM: medium Divn miscast
 11274 | D:12     | XOM: draining
 11398 | D:12     | Found a staircase to the Orcish Mines.
 11402 | D:12     | XOM: give mutations
 11402 | D:12     | Gained mutation: You are clumsy. (Dex -2) [Xom's mischief]
 11402 | D:12     | Gained mutation: You are very dopey. (Int -4) [Xom's mischief]
 11402 | D:12     | Lost mutation: Scrolls take you a little longer to read. [Xom's mischief]
 11402 | D:12     | Gained mutation: Your body often deteriorates upon taking damage. [Xom's mischief]
 11404 | D:12     | Lost mutation: Your body often deteriorates upon taking damage. [potion of cure mutation]
 11404 | D:12     | Lost mutation: You are clumsy. (Dex -2) [potion of cure mutation]
 11404 | D:12     | Lost mutation: You are very dopey. (Int -4) [potion of cure mutation]
 11404 | D:12     | Lost mutation: Your body sometimes deteriorates upon taking damage. [potion of cure mutation]
 11722 | D:12     | Reached ** piety under Fedhas
 11727 | D:12     | XOM: noise
 11971 | D:12     | Noticed a red ugly thing
 11993 | D:12     | Killed a red ugly thing
 11997 | D:12     | Gained mutation: Your system is resistant to poisons. [mutagenic meat]
 11999 | D:12     | Gained mutation: You possess an exceptional clarity of mind. [mutagenic meat]
 12033 | D:13     | Noticed a centaur warrior
 12060 | Orc:1    | Entered Level 1 of the Orcish Mines
 12062 | Orc:1    | Noticed WhatIsLove's ghost (journeyman DsGl)
 12364 | Lair:1   | Entered Level 1 of the Lair of Beasts
 12388 | Lair:1   | XOM: summons 3 hostile demons
 12433 | Lair:1   | Reached skill level 10 in Dodging
 12477 | Lair:1   | XOM: give mutations
 12477 | Lair:1   | Lost mutation: You are dopey. (Int -2) [Xom's mischief]
 12477 | Lair:1   | Lost mutation: You are weak. (Str -2) [Xom's mischief]
 12477 | Lair:1   | Gained mutation: Your body sometimes deteriorates upon taking damage. [Xom's mischief]
 12489 | Lair:1   | XOM: medium Ice miscast
 12710 | Lair:1   | XOM: summons 1 hostile demon
 12833 | Lair:1   | Reached *** piety under Fedhas
 13142 | Lair:1   | Reached skill level 10 in Evocations
 13167 | Lair:1   | Reached XP level 12. HP: 72/74 MP: 19/19
 13241 | Lair:1   | XOM: medium Hex miscast
 13869 | Lair:2   | Reached **** piety under Fedhas
 14034 | Lair:2   | XOM: harmless Chrm miscast
 14195 | Lair:2   | XOM: harmless Chrm miscast
 14330 | Lair:3   | Learned a level 4 spell: Olgreb's Toxic Radiance
 14334 | Lair:3   | Learned a level 3 spell: Static Discharge
 14401 | Lair:3   | Reached skill level 14 in Stealth
 14404 | Lair:3   | Reached skill level 5 in Invocations
 14477 | Lair:3   | Found a staircase to the Shoals.
 14490 | Lair:3   | Reached skill level 5 in Fighting
 14512 | Lair:3   | XOM: silly message
 14582 | Lair:3   | Reached skill level 1 in Poison Magic
 14587 | Lair:3   | Reached skill level 1 in Spellcasting
 14762 | Lair:3   | Reached skill level 1 in Air Magic
 14818 | Lair:3   | XOM: silly message
 15095 | Lair:3   | XOM: harmless Pois miscast
 15296 | Lair:3   | XOM: mild Divn miscast
 15483 | Lair:4   | HP: 3/77 [iguana (13)]
 15608 | Lair:4   | Noticed Nergalle
 15612 | Lair:4   | Killed from afar by Nergalle

Vault maps used:
D:1:      dpeg_arrival_brainrot
D:2:      uniq_natasha, uniq_sigmund
D:3:      portal_sewer_entry_e, uniq_terence
D:4:      first_bread, enter_ossuary_3
D:5:      minmay_temple_entry_from_below_a
D:6:      zin_academy
D:7:      marbit_many_paths, serial_shops, nicolae_shop_stone, basic_altar,
          hangedman_decor_peaks_small, grunt_ministairs_3,
          kennysheep_generic_room_11
D:8:      serial_shops, nicolae_shop_statue_plus, shop,
          nicolae_shop_behind_doors, grunt_livestock, grunt_pakellas_basics
D:9:      minmay_overflow_temple_hex, serial_shops, kennysheep_mini_moat
D:10:     david_lair_shrubbed
D:11:     serial_shops, shop
D:12:     wad_woods_minihive, orc_0_dummy, lemuel_flamethrower_3, uniq_sonja
D:13:     david_vaults_2, uniq_rupert, uniq_nessos
Temple:   eino_narrow_crystal_temple_b_12
Lair:1:   serial_forest, infiniplex_forest_clump_small,
          infiniplex_forest_end_double, infiniplex_forest_clump_curved,
          infiniplex_forest_lined_2, infiniplex_forest_lined_room_,
          infiniplex_forest_lined_2
Lair:3:   minmay_shoals_entry_lonely_mermaid, worms_lemuel
Lair:4:   portal_ice_cave_entry_ice_beasts, st_stairs_5, beast_lair_carwin_3,
          uniq_nergalle
Orc:1:    mines_bat_river
Sewer:    kennysheep_pipe_town
Ossuary:  ossuary_minmay_tomb_2a

Action                   |  1- 3 |  4- 6 |  7- 9 | 10-12 || total
-------------------------+-------+-------+-------+-------++-------
Melee: Short sword       |    28 |       |       |       ||    28
       Dagger            |    13 |    66 |     1 |       ||    80
       Trident           |       |    73 |   244 |   648 ||   965
 Fire: Hunting sling     |       |    16 |    56 |    17 ||    89
       Blowgun           |       |       |       |    69 ||    69
Invok: Evolution         |       |       |       |    15 ||    15
Evoke: Wand              |     3 |     9 |    19 |    23 ||    54
       Rod               |       |       |       |    23 ||    23
  Use: Scroll            |       |     8 |     7 |    13 ||    28
       Potion            |       |       |     1 |    23 ||    24
 Stab: Sleeping          |     4 |    11 |    31 |    66 ||   112
       Distracted        |       |     1 |       |     4 ||     5
       Confused          |       |       |       |     5 ||     5
       Paralysed         |       |       |       |     5 ||     5
  Eat: Chunk             |       |     3 |    12 |     8 ||    23
       Beef jerky        |       |       |     2 |     3 ||     5
       Meat ration       |       |       |       |     3 ||     3
       Pizza             |       |       |       |     2 ||     2
       Bread ration      |       |       |       |     3 ||     3
